 Dungeon Crawl Stone Soup version 0.32-a0-585-gef4fe23122 (webtiles) character file.

Game seed: 10433473746895189153

2226 Croases the Thaumaturge (level 9, -2/52 HPs)
             Began as a Gargoyle Alchemist on Mar 2, 2024.
             Was a Believer of Beogh.
             Slain by Joseph
             ... wielding a +0 quarterstaff
              (13 damage)
             ... on level 7 of the Dungeon.
             The game lasted 00:09:51 (7929 turns).

Croases the Thaumaturge (Gargoyle Alchemist)        Turns: 7929, Time: 00:09:52

Health: -2/52      AC: 11    Str: 12    XL:     9   Next: 36%
Magic:  21/21      EV: 11    Int: 28    God:    Beogh [**....]
Gold:   437        SH:  0    Dex: 10    Spells: 19/25 levels left

rFire   . . .        e - +0 quarterstaff
rCold   + . .        (shield currently unavailable)
rNeg    + . .        I - +2 robe of Vunku {^Drain rPois Regen+ Int+8}
rPois   ∞            g - +0 helmet
rElec   +            (no cloak)
rCorr   .            (no gloves)
SInv    .            (no boots)
Will    +....        (no amulet)
Stlth   ++           k - ring of willpower
HPRegen 1.08/turn    v - ring of protection from cold
MPRegen 0.17/turn

%: no passive effects
@: about to teleport
A: sickness immunity, AC +6, negative energy resistance 1, electricity
resistance, torment resistance 1, petrification resistance
a: Renounce Religion, Smiting


You were on level 7 of the Dungeon.
You worshipped Beogh.
Beogh was pleased with you.
You visited 1 branch of the dungeon, and saw 7 of its levels.

You collected 437 gold pieces.

Inventory:

Hand Weapons
 d - a +0 short sword
 e - a +0 quarterstaff (weapon)
 D - a +0 dagger of venom
 E - a +2 flail of protection
Missiles
 i - 2 silver javelins
 y - 2 throwing nets
Armour
 a - a +0 robe
 g - a +0 helmet (worn)
 I - the +2 robe of Vunku (worn) {^Drain rPois Regen+ Int+8}
   (You found it on level 6 of the Dungeon)

   Int+8:     It affects your intelligence (+8).
   rPois:     It protects you from poison.
   Regen+:    It increases your rate of health regeneration.
   ^Drain:    It drains your maximum health when unequipped.
Jewellery
 k - a ring of willpower (left hand)
 o - a ring of ice
 v - a ring of protection from cold (right hand)
 x - a ring of positive energy
Scrolls
 f - 2 scrolls of teleportation
 h - 2 scrolls of enchant armour {unknown}
 j - 2 scrolls of fog {unknown}
 l - 3 scrolls of identify
 r - a scroll of enchant weapon {unknown}
 s - 2 scrolls of fear {unknown}
 t - a scroll of amnesia {unknown}
 u - a scroll of blinking {unknown}
 A - a scroll of noise {unknown}
 B - 2 scrolls of immolation {unknown}
 H - a scroll of poison {unknown}
Potions
 m - 2 potions of mutation {unknown}
 n - a potion of lignification {unknown}
 p - a potion of haste {unknown}
 q - a potion of might {unknown}
 w - a potion of cancellation {unknown}
 z - a potion of enlightenment {unknown}
 C - a potion of brilliance {unknown}
 G - 2 potions of heal wounds {unknown}
 J - a potion of attraction {unknown}


   Skills:
 + Level 3.8 Fighting
 - Level 1.5 Dodging
 - Level 2.1 Stealth
 + Level 8.7 Spellcasting
 + Level 4.3 Conjurations
 * Level 6.6 Earth Magic
 - Level 2.4 Alchemy


You had 19 spell levels left.
You knew the following spells:

 Your Spells              Type           Power      Damage    Failure   Level
a - Sting                 Conj/Alch      100%       1d9       1%          1
b - Stone Arrow           Conj/Erth      86%        3d12      1%          3
c - Mercury Vapours       Alch/Air       38%        N/A       4%          2

Your spell library contained the following spells:

 Spells                   Type           Power      Damage    Failure   Level
 Mephitic Cloud           Conj/Alch/Air  24%        N/A       5%          3
 Animate Armour           Summ/Erth      60%        N/A       12%         4
 Olgreb's Toxic Radiance  Alch           25%        N/A       17%         4
 Sticky Flame             Fire/Alch      19%        2d6       28%         4
 Anguish                  Hex/Necr       6%         N/A       41%         4
 Cause Fear               Hex            6%         N/A       41%         4
 Enfeeble                 Hex            6%         N/A       100%        7
 Lehudib's Crystal Spear  Conj/Erth      21%        10d6      100%        8


Dungeon Overview and Level Annotations

Branches:
Dungeon (7/15)             Temple (0/1) D:6

Altars:
Makhleb
Okawaru
Qazlal
Trog

Annotations:
D:7 Joseph


Innate Abilities, Weirdness & Mutations

Your facial features look somewhat orcish.
You are immune to sickness and miasma.
Your stone body is resilient. (AC +6)
You are immune to poison.
You resist negative energy. (rN+)
You are resistant to electric shocks. (rElec)
You are resistant to unholy torment.
You are immune to petrification.


Message History

Aiming: Paralyse
Press: ? - help, Shift-Dir - straight line, f/p - Joseph
Aim: Joseph, wielding a +0 quarterstaff and wearing a +2 ring mail of cold resistance (chance to affect: 31%) Joseph easily resists.
Joseph misses you.
Unknown command.
Aiming: Paralyse
Press: ? - help, Shift-Dir - straight line, f/p - Joseph
Aim: Joseph, wielding a +0 quarterstaff and wearing a +2 ring mail of cold resistance (chance to affect: 31%) Joseph easily resists.
Joseph hits you with a +0 quarterstaff!
Unknown command.
Aiming: Paralyse
Press: ? - help, Shift-Dir - straight line, f/p - Joseph
Aim: Joseph, wielding a +0 quarterstaff and wearing a +2 ring mail of cold resistance (chance to affect: 31%) Joseph easily resists.
Joseph hits you with a +0 quarterstaff!
Unknown command.
Aiming: Paralyse
Press: ? - help, Shift-Dir - straight line, f/p - Joseph
Aim: Joseph, wielding a +0 quarterstaff and wearing a +2 ring mail of cold resistance (chance to affect: 31%) Joseph easily resists.
Joseph barely misses you.
Unknown command.
Aiming: Paralyse
Press: ? - help, Shift-Dir - straight line, f/p - Joseph
Aim: Joseph, wielding a +0 quarterstaff and wearing a +2 ring mail of cold resistance (chance to affect: 31%) Joseph easily resists.
The now-empty wand crumbles to dust.
Joseph hits you with a +0 quarterstaff!
Unknown command.
Okay, then.
It was a potion of curing.
You feel better. Joseph hits you with a +0 quarterstaff!
As you read the scroll labelled KUWENE ZOFF, it crumbles to dust.
It is a scroll of identify.
f - 3 scrolls of teleportation Joseph hits you with a +0 quarterstaff.
As you read the scroll of teleportation, it crumbles to dust.
You feel strangely unstable. Joseph hits you with a +0 quarterstaff!
* * * LOW HITPOINT WARNING * * *
You feel better. Joseph hits you with a +0 quarterstaff!
* * * LOW HITPOINT WARNING * * *
You feel better. Joseph hits you with a +0 quarterstaff!
You die...

#.#####
#...@.#
#@# #.#
#.# #.#
#.# ##
#.# #
#. #.#
###. #.
#.#
.#.# #.
#.#
#..# #.


You could see Joseph.

Vanquished Creatures
  A moth of wrath (D:3)
  A steam dragon (D:6)
  2 water moccasins (D:6)
  A black bear (D:6)
  2 centaurs
  A phantom (D:5)
  A gnoll sergeant (D:7)
  5 scorpions
  A howler monkey (D:4)
  4 bombardier beetles
  3 hounds
  A gnoll bouda (D:5)
  A jelly (D:5)
  A sleepcap (D:5)
  Terence (D:3)
  4 iguanas
  3 orc wizards
  8 adders
  12 gnolls
  2 shadow imps (D:6)
  A white imp (D:6)
  5 ribbon worms
  8 orcs
  5 endoplasms
  5 giant cockroaches
  2 goblins (D:2)
  2 hobgoblins
  4 jackals (D:2)
  6 quokkas
  4 ball pythons
  5 bats
  2 frilled lizards (D:1)
  12 kobolds
  30 rats
146 creatures vanquished.

Notes
Turn   | Place    | Note
-------+----------+-------------------------------------------
     0 | D:1      | Croases the Gargoyle Alchemist began the quest for the Orb.
     0 | D:1      | Reached XP level 1. HP: 10/10 MP: 3/3
   396 | D:1      | Reached XP level 2. HP: 15/15 MP: 1/5
   741 | D:1      | Reached skill level 3 in Spellcasting
  1312 | D:2      | Reached XP level 3. HP: 19/19 MP: 7/7
  1380 | D:2      | Found a faded altar of an unknown god.
  1808 | D:2      | Reached skill level 4 in Spellcasting
  1808 | D:2      | Reached XP level 4. HP: 24/24 MP: 5/10
  2195 | D:3      | Noticed Terence
  2339 | D:3      | Reached XP level 5. HP: 19/28 MP: 1/12
  2619 | D:3      | Reached skill level 5 in Spellcasting
  2961 | D:4      | Became a worshipper of Beogh the Shepherd
  2978 | D:5      | Entered Level 5 of the Dungeon
  3096 | D:5      | Reached XP level 6. HP: 26/32 MP: 6/14
  3302 | D:5      | Reached skill level 6 in Spellcasting
  3830 | D:5      | Reached XP level 7. HP: 13/36 MP: 4/17
  3943 | D:5      | Reached skill level 7 in Spellcasting
  4520 | D:4      | Learned a level 3 spell: Stone Arrow
  4570 | D:4      | Reached skill level 1 in Earth Magic
  4634 | D:4      | Reached skill level 8 in Spellcasting
  4634 | D:4      | Reached XP level 8. HP: 37/41 MP: 12/20
  4660 | D:5      | Reached * piety under Beogh
  5128 | D:4      | Found a stormy altar of Qazlal.
  5137 | D:4      | Noticed an air elemental
  5159 | D:4      | Noticed a water elemental
  5539 | D:3      | Noticed a moth of wrath
  5542 | D:3      | Found a bloodstained altar of Trog.
  5688 | D:3      | Learned a level 2 spell: Mercury Vapours
  5722 | D:3      | Killed a moth of wrath
  5723 | D:3      | Reached skill level 1 in Fighting
  5881 | D:3      | Killed Terence
  5984 | D:6      | Found a staircase to the Ecumenical Temple.
  6367 | D:6      | Identified the +2 robe of Vunku {^Drain rPois Regen+ Int+8}
  6569 | D:6      | Found an iron altar of Okawaru.
  6570 | D:6      | Found a burning altar of Makhleb.
  6690 | D:6      | Reached skill level 5 in Earth Magic
  6854 | D:6      | Reached XP level 9. HP: 49/49 MP: 17/21
  7248 | D:6      | Reached ** piety under Beogh
  7916 | D:7      | Noticed Joseph
  7929 | D:7      | Slain by Joseph

Illustrated notes

Levels and vault maps discovered:
D:1:      minmay_arrival_split_and_join, layout_loops_corners,
          minmay_heptomino_w4
D:2:      layout_basic, basic_ecumenical_altar
D:3:      layout_basic, tgw_trog, minivault_23, uniq_terence
D:4:      layout_basic, nicolae_qazlal_style_of_elements, minmay_rat_hole
D:5:      layout_basic
D:6:      layout_layer_cave, gammafunk_temple_overflow_statue,
          minmay_temple_entry_wispy
D:7:      layout_loops_ring, uniq_menkaure, uniq_joseph

Skill      XL: |  1  2  3  4  5  6  7  8  9 |
---------------+----------------------------+-----
Spellcasting   | 3 4 5 6 8 |  8.7
Earth Magic    | 1 5 6 |  6.6
Conjurations   | 3 4 |  4.3
Fighting       | 2 3 |  3.8
Dodging        | |  1.5
Stealth        | |  2.1
Alchemy        | |  2.4

Action                     |  1- 3 |  4- 6 |  7- 9 || total
---------------------------+-------+-------+-------++-------
  Melee: Unarmed           |    12 |       |       ||    12
         Quarterstaff      |    44 |    21 |    43 ||   108
   Cast: Sting             |    62 |   108 |   125 ||   295
         Stone Arrow       |       |       |    50 ||    50
         Mercury Vapours   |       |       |     7 ||     7
 Invoke: Convert to Beogh  |       |     1 |       ||     1
  Evoke: Wand              |       |       |     8 ||     8
    Use: Potion            |       |       |     4 ||     4
         Scroll            |       |       |     2 ||     2
   Stab: Sleeping          |     4 |     1 |       ||     5
 Armour: Robe              |    38 |    61 |   139 ||   238
  Dodge: Dodged            |    41 |    43 |    95 ||   179

Table legend: (Time is in decaauts)
 A = Elapsed time spent in this place.
 B = Non-inter-level travel time spent in this place.
 C = Inter-level travel time spent in this place.
 D = Time resting spent in this place.
 E = Time spent auto-exploring this place.
 F = Levels seen in this place.
 G = Mean time per level.
                   A        B        C        D        E       F      G
               +--------+--------+--------+--------+--------+-----+--------+
         Total |   7961 |   7673 |    288 |    998 |   5457 |   7 | 1137.3 |
       Dungeon |   7961 |   7673 |    288 |    998 |   5457 |   7 | 1137.3 |
               +--------+--------+--------+--------+--------+-----+--------+

Top non-repeatable levels by time:
     D:5: 1649 daAuts
     D:6: 1469 daAuts
     D:1: 1315 daAuts
     D:4: 1110 daAuts
     D:3: 1087 daAuts
     D:2: 852 daAuts
     D:7: 477 daAuts
